Map: Odyssey LE

Players

Stephano

  • Race: Zerg Zerg
  • Spawn Location: 5:00

ZhuGeLiang - Winner!

  • Race: Zerg Zerg
  • Spawn Location: 11:00

Event: WCS Valencia 2017

VOD

Have the link to the VOD?

Description

Time

  • Played on: July 13, 2017, 7:02 a.m.
  • Length: 6:58

All games in this series

Show
View Real Time Build Order
Export as new Build Order

Stephano Zerg 

Build Orders: Hatch First 

Get SALT Encoding   

  12  0:01  Drone  
  13  0:12  Overlord  
  13  0:17  Drone  
  14  0:31  Drone x2  
  14  0:34  Drone  
  17  0:53  Hatchery  
  17  0:54  Drone  
  17  0:57  Extractor  
  17  0:58  Drone  
  17  1:12  Spawning Pool  
  17  1:15  Drone  
  17  1:20  Drone  
  18  1:28  Drone  
  19  1:39  Overlord  
  19  1:50  Drone  
  20  1:59  Queen, Metabolic Boost  
  22  2:01  Zergling x2  
  22  2:04  Queen  
  22  2:07  Zergling x2  
  26  2:14  Drone  
  27  2:16  Drone  
  28  2:29  Drone x2  
  30  2:33  Drone  
  30  2:35  Queen  
  33  2:46  Hatchery  
  32  2:51  Baneling Nest  
  31  2:59  Zergling x6  
  31  3:03  Overlord  
  34  3:09  Zergling x4  
  36  3:15  Overlord  
  36  3:23  Zergling x8  
  40  3:33  Zergling x4  
  42  3:36  Baneling x2  
  42  3:38  Zergling x2  
  42  3:39  Zergling x2  
  42  3:44  Zergling x6  
  42  3:47  Drone  
  45  4:02  Zergling x8  
  47  4:08  Zergling x6  
  47  4:11  Drone  
  46  4:18  Drone  
  46  4:19  Drone  
  46  4:20  Drone x2  
  46  4:22  Drone x2  
  46  4:23  Baneling  
  52  4:25  Baneling  
  52  4:26  Baneling  
  52  4:30  Drone x2  
  54  4:34  Drone  
  54  4:35  Drone  
  56  4:43  Drone  
  57  4:49  Zergling x6  
  57  4:50  Zergling x2  
  56  4:57  Drone, Overlord  
  56  4:58  Drone x2  
  55  5:01  Zergling x4  
  53  5:11  Drone x2  
  53  5:12  Drone x2  
  56  5:14  Baneling x2  
  56  5:15  Baneling  
  56  5:25  Overlord  
  56  5:30  Drone x2  
  56  5:35  Roach Warren  
  57  5:39  Overlord  
  51  5:49  Zergling x12  
  42  5:58  Drone x3  
  40  6:08  Zergling x8  
  39  6:13  Baneling x3  
  39  6:14  Baneling x2  
  39  6:17  Zergling x4  
  40  6:23  Zergling x4  
  40  6:25  Zergling x2  
  43  6:29  Zergling x4  
  44  6:34  Zergling x2  
  44  6:35  Zergling x4  
  44  6:38  Baneling  
  45  6:40  Zergling x4  
Show
View Real Time Build Order
Export as new Build Order

ZhuGeLiang Zerg - Winner!

Build Orders: Hatch First, Zergling Baneling 

Get SALT Encoding   

  12  0:01  Drone  
  13  0:12  Overlord  
  13  0:18  Drone  
  14  0:31  Drone x2  
  14  0:34  Drone  
  17  0:51  Hatchery  
  17  0:55  Drone  
  17  0:58  Drone  
  17  1:03  Extractor  
  17  1:12  Spawning Pool  
  17  1:16  Drone  
  17  1:19  Drone  
  18  1:28  Drone  
  19  1:39  Overlord  
  19  1:49  Drone  
  20  1:59  Queen  
  20  2:00  Zergling x2  
  23  2:02  Queen  
  23  2:03  Metabolic Boost  
  23  2:06  Drone  
  26  2:11  Drone  
  27  2:16  Drone  
  27  2:22  Drone  
  29  2:25  Baneling Nest, Drone  
  29  2:33  Zergling x2  
  30  2:46  Hatchery  
  30  2:49  Overlord  
  29  2:52  Drone  
  29  2:55  Drone  
  31  3:00  Overlord  
  31  3:05  Overlord  
  31  3:09  Baneling x2  
  31  3:11  Drone  
  31  3:12  Drone  
  33  3:14  Zergling x2  
  33  3:17  Zergling x2  
  35  3:22  Zergling x4  
  35  3:27  Zergling x4  
  39  3:29  Zergling x2  
  40  3:35  Zergling x4  
  41  3:45  Baneling x2  
  41  3:49  Zergling x12  
  45  4:07  Zergling x8  
  46  4:15  Zergling x4  
  45  4:22  Overlord  
  45  4:25  Overlord  
  45  4:26  Zergling x14  
  45  4:29  Baneling x4  
  52  4:36  Zergling x4  
  54  4:42  Zergling x4  
  56  4:50  Baneling x2  
  56  4:51  Zergling x6  
  57  4:57  Baneling x3  
  55  5:03  Zergling x10  
  59  5:08  Zergling x2  
  59  5:09  Zergling x6  
  62  5:16  Baneling  
  62  5:17  Baneling x4  
  62  5:26  Zergling x12  
  55  5:50  Zergling x20  
  61  6:00  Zergling x8  
  64  6:07  Zergling x4  
  66  6:11  Zergling x6  
  66  6:18  Baneling x6  
  67  6:21  Baneling  
  67  6:24  Zergling x8  
  68  6:37  Zergling x10  
Tags
 
Add a new tag
Caveats
  • Supply blocks, unpowered buildings, or Contaminate may cause inaccurate times.
  • Supply counts are checked every 10 seconds.